TOP OF THE 1ST |
Great Lakes Loons batting - Pitching for Atlanta (MID) Braves : RHP Ricky Rivera
|
Pitching: RHP Ricky Rivera
|
|
Batting: RHB Ken Jenkins
|
0-0: Ball 1-0: Called Strike 1-1: Ball 2-1: Ball 3-1: SINGLE (Groundball, 6D, EV 96.9 MPH)
|
Batting: RHB Alex Mejia
|
0-0: Fielders Choice at 2nd, 6-4 (Groundball, 6, EV 88.8 MPH)
|
Batting: RHB John Piccolo
|
0-0: Ball 1-0: Swinging Strike 1-1: Called Strike 1-2: Fly out, F9 (Flyball, 9, EV 90.6 MPH)
|
Batting: LHB Antonio Luis
|
0-0: Ball 1-0: Foul Ball, location: 2F 1-1: Ball 2-1: Ball 3-1: Swinging Strike 3-2: Fly out, F4 (Popup, 34D, EV 60.0 MPH)
|
Top of the 1st over - 0 runs, 1 hit, 0 errors, 1 left on base; Great Lakes 0 - Atlanta (MID) 0 |
BOTTOM OF THE 1ST |
Atlanta (MID) Braves batting - Pitching for Great Lakes Loons : RHP Jeremy Stock
|
Pitching: RHP Jeremy Stock
|
|
Batting: SHB Brandon McClain
|
0-0: Called Strike 0-1: Ground out 6-3 (Groundball, 6, EV 106.9 MPH)
|
Batting: LHB Tommy Williams
|
0-0: Called Strike 0-1: Foul Ball, location: 2F 0-2: Fly out, F2 (Popup, 2LF, EV 86.2 MPH)
|
Batting: LHB Bobby Upton
|
0-0: Ball 1-0: Ground out 1-3 (Groundball, 13S, EV 63.1 MPH)
|
Bottom of the 1st over - 0 runs, 0 hits, 0 errors, 0 left on base; Great Lakes 0 - Atlanta (MID) 0 |
TOP OF THE 2ND |
Great Lakes Loons batting - Pitching for Atlanta (MID) Braves : RHP Ricky Rivera
|
Batting: RHB Mike Sims
|
0-0: Ball 1-0: Called Strike 1-1: Foul Ball, location: 2F 1-2: Foul Ball, location: 2F 1-2: Ball 2-2: Ball 3-2: Strikes out swinging
|
Batting: LHB Jim Chalk
|
0-0: Called Strike 0-1: Foul Ball, location: 2F 0-2: Ground out U3 (Groundball, 34S, EV 83.8 MPH)
|
Batting: RHB Phil Knox
|
0-0: Fly out, F7 (Flyball, 78S, EV 93.1 MPH)
|
Top of the 2nd over - 0 runs, 0 hits, 0 errors, 0 left on base; Great Lakes 0 - Atlanta (MID) 0 |
BOTTOM OF THE 2ND |
Atlanta (MID) Braves batting - Pitching for Great Lakes Loons : RHP Jeremy Stock
|
Batting: RHB Xavier Davis
|
0-0: Called Strike 0-1: Foul Ball, location: 2F 0-2: Ball 1-2: Strikes out swinging
|
Batting: RHB Corey Dalton
|
0-0: Called Strike 0-1: Ball 1-1: SOLO HOME RUN (Flyball, 7D, EV 100.6 MPH), Distance : 380 ft
|
Batting: RHB Mike Shook
|
0-0: Ball 1-0: Called Strike 1-1: Swinging Strike 1-2: Ball 2-2: Strikes out swinging
|
Batting: RHB Johnny Burroughs
|
0-0: Ball 1-0: Ball 2-0: Fly out, F8 (Flyball, 89S, EV 89.4 MPH)
|
Bottom of the 2nd over - 1 run, 1 hit, 0 errors, 0 left on base; Great Lakes 0 - Atlanta (MID) 1 |
TOP OF THE 3RD |
Great Lakes Loons batting - Pitching for Atlanta (MID) Braves : RHP Ricky Rivera
|
Batting: RHB Josh Kimbrell
|
0-0: Called Strike 0-1: Hit by Pitch
|
Batting: RHB Santos Guadalupe
|
0-0: Ball 1-0: Ball 2-0: Called Strike 2-1: Foul Ball, location: 2F 2-2: Ball 3-2: Foul Ball, location: 2F 3-2: Grounds into double play, 4-6-3 (Groundball, 34, EV 102.5 MPH)
|
Batting: RHB Ken Jenkins
|
0-0: Ball 1-0: Called Strike 1-1: Ball 2-1: Ball 3-1: Called Strike 3-2: Foul Ball, location: 2F 3-2: Ground out 6-3 (Groundball, 6, EV 83.1 MPH)
|
Top of the 3rd over - 0 runs, 0 hits, 0 errors, 0 left on base; Great Lakes 0 - Atlanta (MID) 1 |
BOTTOM OF THE 3RD |
Atlanta (MID) Braves batting - Pitching for Great Lakes Loons : RHP Jeremy Stock
|
Batting: RHB Andy Cunningham
|
0-0: Called Strike 0-1: Foul Ball, location: 2F 0-2: Strikes out looking
|
DELAY
|
Rain delay of 24 minutes in the 3rd inning.
|
Batting: RHB Bobby Light
|
0-0: Foul Ball, location: 2F 0-1: Ball 1-1: Ball 2-1: Ground out 5-3 (Groundball, 5, EV 107.5 MPH)
|
Batting: SHB Brandon McClain
|
0-0: Called Strike 0-1: Ball 1-1: Ground out 5-3 (Groundball, 56S, EV 79.4 MPH)
|
Bottom of the 3rd over - 0 runs, 0 hits, 0 errors, 0 left on base; Great Lakes 0 - Atlanta (MID) 1 |
TOP OF THE 4TH |
Great Lakes Loons batting - Pitching for Atlanta (MID) Braves : RHP Ricky Rivera
|
Batting: RHB Alex Mejia
|
0-0: Ball 1-0: Ball 2-0: Called Strike 2-1: Swinging Strike 2-2: Strikes out swinging
|
Batting: RHB John Piccolo
|
0-0: Called Strike 0-1: Called Strike 0-2: Strikes out swinging
|
Batting: LHB Antonio Luis
|
0-0: Ball 1-0: Ball 2-0: Ball 3-0: Base on Balls
|
Batting: RHB Mike Sims
|
0-0: Called Strike 0-1: Ball 1-1: Ball 2-1: Ground out 2-3 (Groundball, 15S, EV 68.8 MPH)
|
Top of the 4th over - 0 runs, 0 hits, 0 errors, 1 left on base; Great Lakes 0 - Atlanta (MID) 1 |
BOTTOM OF THE 4TH |
Atlanta (MID) Braves batting - Pitching for Great Lakes Loons : RHP Jeremy Stock
|
Pitching: RHP George Credle
|
|
Batting: LHB Tommy Williams
|
0-0: Foul Ball, location: 2F 0-1: Ball 1-1: Fly out, F7 (Flyball, 7S, EV 89.4 MPH)
|
Batting: LHB Bobby Upton
|
0-0: Foul Ball, location: 2F 0-1: Ball 1-1: Ball 2-1: Foul Ball, location: 2F 2-2: SINGLE (Groundball, 34D, EV 103.8 MPH)
|
Batting: RHB Xavier Davis
|
0-0: Ball Bobby Upton steals 2nd base 1-0: Swinging Strike 1-1: Ball 2-1: Swinging Strike 2-2: Ball 3-2: Fly out, F7 (Flyball, 7, EV 94.4 MPH)
|
Batting: RHB Corey Dalton
|
0-0: Ball 1-0: Swinging Strike 1-1: Foul Ball, location: 2F 1-2: Ground out 6-3 (Groundball, 6, EV 78.1 MPH)
|
Bottom of the 4th over - 0 runs, 1 hit, 0 errors, 1 left on base; Great Lakes 0 - Atlanta (MID) 1 |
TOP OF THE 5TH |
Great Lakes Loons batting - Pitching for Atlanta (MID) Braves : RHP Ricky Rivera
|
Batting: LHB Jim Chalk
|
0-0: Called Strike 0-1: Ball 1-1: Ball 2-1: Ball 3-1: Base on Balls
|
Batting: RHB Phil Knox
|
0-0: Called Strike 0-1: Fly out, F6 (Line Drive, 6, EV 70.6 MPH)
|
Batting: RHB Josh Kimbrell
|
0-0: Fly out, F8 (Flyball, 8RD, EV 103.8 MPH)
|
Batting: RHB Santos Guadalupe
|
0-0: Ball 1-0: Called Strike 1-1: Foul Ball, location: 2F 1-2: Ball 2-2: Ground out 5-3 (Groundball, 15, EV 87.5 MPH)
|
Top of the 5th over - 0 runs, 0 hits, 0 errors, 1 left on base; Great Lakes 0 - Atlanta (MID) 1 |
BOTTOM OF THE 5TH |
Atlanta (MID) Braves batting - Pitching for Great Lakes Loons : RHP George Credle
|
Batting: RHB Mike Shook
|
0-0: Ball 1-0: Ball 2-0: Called Strike 2-1: Foul Ball, location: 2F 2-2: Foul Ball, location: 2F 2-2: Strikes out looking
|
Batting: RHB Johnny Burroughs
|
0-0: Ball 1-0: Called Strike 1-1: Foul Ball, location: 2F 1-2: Ball 2-2: Ball 3-2: Base on Balls
|
Batting: RHB Andy Cunningham
|
0-0: Called Strike 0-1: Ball 1-1: Ball 2-1: Foul Ball, location: 2F 2-2: Ball 3-2: Foul Ball, location: 2F 3-2: Grounds into double play, 4-6-3 (Groundball, 4, EV 80.6 MPH)
|
Bottom of the 5th over - 0 runs, 0 hits, 0 errors, 0 left on base; Great Lakes 0 - Atlanta (MID) 1 |
TOP OF THE 6TH |
Great Lakes Loons batting - Pitching for Atlanta (MID) Braves : RHP Ricky Rivera
|
Batting: RHB Ken Jenkins
|
0-0: Called Strike 0-1: Ball 1-1: Ball 2-1: Ball 3-1: Base on Balls
|
Batting: RHB Alex Mejia
|
0-0: Ball 1-0: Ball 2-0: Ball 3-0: Called Strike 3-1: 2-RUN HOME RUN (Flyball, 7LD, EV 95.6 MPH), Distance : 340 ft
|
Batting: RHB John Piccolo
|
0-0: Ball 1-0: Ball 2-0: Swinging Strike 2-1: Foul Ball, location: 2F 2-2: Foul Ball, location: 2F 2-2: Reached on error, E5 (Groundball, 56, EV 95.0 MPH)
|
Batting: LHB Antonio Luis
|
0-0: Grounds into double play, 4-6-3 (Groundball, 4S, EV 80.6 MPH)
|
Batting: RHB Mike Sims
|
0-0: Foul Ball, location: 2F 0-1: Ball 1-1: Reached on error, E5 (Groundball, 56, EV 92.5 MPH)
|
Batting: LHB Jim Chalk
|
0-0: Intentional Walk
|
Batting: RHB Phil Knox
|
0-0: Foul Ball, location: 2F 0-1: Ball 1-1: Fly out, F4 (Popup, 4, EV 66.9 MPH)
|
Top of the 6th over - 2 runs, 1 hit, 2 errors, 2 left on base; Great Lakes 2 - Atlanta (MID) 1 |
BOTTOM OF THE 6TH |
Atlanta (MID) Braves batting - Pitching for Great Lakes Loons : RHP George Credle
|
Batting: RHB Bobby Light
|
0-0: Called Strike 0-1: Foul Ball, location: 2F 0-2: Ball 1-2: Strikes out looking
|
Batting: SHB Brandon McClain
|
0-0: Called Strike 0-1: Ball 1-1: Swinging Strike 1-2: Hit by Pitch
|
Batting: LHB Tommy Williams
|
0-0: Called Strike 0-1: Called Strike Brandon McClain steals 2nd base (no throw) 0-2: Ground out 4-3 (Groundball, 34D, EV 103.8 MPH) Brandon McClain to third
|
Pitching: RHP Santiago Montero
|
|
Batting: LHB Bobby Upton
|
0-0: Foul Ball, location: 2F 0-1: Swinging Strike 0-2: Ball Wild Pitch! Brandon McClain scores 1-2: Ball 2-2: Foul Ball, location: 2F 2-2: Ball 3-2: SINGLE (Line Drive, 56D, EV 109.4 MPH)
|
Batting: RHB Xavier Davis
|
0-0: Called Strike Bobby Upton steals 2nd, throwing error, E2 Bobby Upton to third 0-1: Ball 1-1: Intentional Walk
|
Batting: RHB Corey Dalton
|
0-0: Swinging Strike 0-1: Ball 1-1: Ball 2-1: Ball 3-1: Base on Balls Xavier Davis to second
|
Pinch Hitting: SHB Richello Badua
|
0-0: Called Strike 0-1: Foul Ball, location: 2F 0-2: Ball 1-2: Ball 2-2: Strikes out looking
|
Bottom of the 6th over - 1 run, 1 hit, 1 error, 3 left on base; Great Lakes 2 - Atlanta (MID) 2 |
TOP OF THE 7TH |
Great Lakes Loons batting - Pitching for Atlanta (MID) Braves : RHP Ricky Rivera
|
Now at 1B: Xavier Davis
|
|
Now in LF: Richello Badua
|
|
Batting: RHB Josh Kimbrell
|
0-0: Called Strike 0-1: Ball 1-1: Swinging Strike 1-2: Ball 2-2: Foul Ball, location: 2F 2-2: Ball 3-2: Foul Ball, location: 2F 3-2: Strikes out swinging, 2-3 out at first.
|
Batting: RHB Santos Guadalupe
|
0-0: Ball 1-0: Ball 2-0: SINGLE (Line Drive, 78S, EV 88.8 MPH)
|
Pitching: RHP Craig Goguen
|
|
Batting: LHB Alberto Chavez
|
0-0: Called Strike 0-1: Ball 1-1: Fly out, F8 (Flyball, 8LM, EV 83.8 MPH)
|
Batting: RHB Alex Mejia
|
0-0: Ball 1-0: Ball Wild Pitch! Santos Guadalupe to second 2-0: Ball 3-0: Base on Balls
|
Batting: RHB John Piccolo
|
0-0: Called Strike 0-1: Ball 1-1: Ball 2-1: Fly out, F9 (Flyball, 9, EV 95.6 MPH)
|
Top of the 7th over - 0 runs, 1 hit, 0 errors, 2 left on base; Great Lakes 2 - Atlanta (MID) 2 |
BOTTOM OF THE 7TH |
Atlanta (MID) Braves batting - Pitching for Great Lakes Loons : RHP Santiago Montero
|
Pitching: RHP Yuichi Nozawa
|
|
Batting: RHB Johnny Burroughs
|
0-0: Foul Ball, location: 2F 0-1: Called Strike 0-2: Strikes out looking
|
Batting: RHB Andy Cunningham
|
0-0: Ball 1-0: Called Strike 1-1: Swinging Strike 1-2: Strikes out swinging
|
Batting: RHB Bobby Light
|
0-0: Foul Ball, location: 2F 0-1: Ball 1-1: Foul Ball, location: 2F 1-2: Strikes out swinging
|
Bottom of the 7th over - 0 runs, 0 hits, 0 errors, 0 left on base; Great Lakes 2 - Atlanta (MID) 2 |
TOP OF THE 8TH |
Great Lakes Loons batting - Pitching for Atlanta (MID) Braves : RHP Craig Goguen
|
Batting: LHB Antonio Luis
|
0-0: Fly out, F9 (Flyball, 9D, EV 102.5 MPH)
|
Pinch Hitting: LHB Chris Barrera
|
0-0: Ball 1-0: Fly out, F9 (Flyball, 9S, EV 88.1 MPH)
|
Batting: LHB Jim Chalk
|
0-0: Ball 1-0: Ball 2-0: Called Strike 2-1: Ground out 4-3 (Groundball, 4, EV 81.2 MPH)
|
Top of the 8th over - 0 runs, 0 hits, 0 errors, 0 left on base; Great Lakes 2 - Atlanta (MID) 2 |
BOTTOM OF THE 8TH |
Atlanta (MID) Braves batting - Pitching for Great Lakes Loons : RHP Yuichi Nozawa
|
Now in LF: Matt Fields
|
|
Batting: SHB Brandon McClain
|
0-0: Called Strike 0-1: Foul Ball, location: 2F 0-2: Strikes out swinging
|
Batting: LHB Tommy Williams
|
0-0: Ball 1-0: Foul Ball, location: 2F 1-1: Called Strike 1-2: Ball 2-2: Foul Ball, location: 2F 2-2: Ball 3-2: Strikes out swinging
|
Batting: LHB Bobby Upton
|
0-0: Called Strike 0-1: Ground out 4-3 (Groundball, 34D, EV 107.5 MPH)
|
Bottom of the 8th over - 0 runs, 0 hits, 0 errors, 0 left on base; Great Lakes 2 - Atlanta (MID) 2 |
TOP OF THE 9TH |
Great Lakes Loons batting - Pitching for Atlanta (MID) Braves : RHP Craig Goguen
|
Pitching: RHP Jeff Heaster
|
|
Batting: RHB Phil Knox
|
0-0: Foul Ball, location: 2F 0-1: SINGLE (Flyball, 34D, EV 86.9 MPH)
|
Batting: RHB Josh Kimbrell
|
0-0: Grounds into double play, 4-6-3 (Groundball, 4, EV 78.8 MPH)
|
Batting: RHB Santos Guadalupe
|
0-0: Called Strike 0-1: Ball 1-1: Ball 2-1: Foul Ball, location: 2F 2-2: Ball 3-2: Foul Ball, location: 2F 3-2: Strikes out swinging
|
Top of the 9th over - 0 runs, 1 hit, 0 errors, 0 left on base; Great Lakes 2 - Atlanta (MID) 2 |
BOTTOM OF THE 9TH |
Atlanta (MID) Braves batting - Pitching for Great Lakes Loons : RHP Yuichi Nozawa
|
Pitching: RHP Angel Rivas
|
|
Batting: RHB Xavier Davis
|
0-0: Called Strike 0-1: Ball 1-1: SINGLE (Groundball, 5S, EV 65.0 MPH) (infield hit)
|
Batting: RHB Corey Dalton
|
0-0: Ball Xavier Davis is caught stealing 2nd base 2-4 1-0: Foul Ball, location: 2F 1-1: Swinging Strike 1-2: SOLO HOME RUN (Flyball, 89XD, EV 106.9 MPH), Distance : 401 ft
|
Bottom of the 9th over - 1 run, 2 hits, 0 errors, 0 left on base; Great Lakes 2 - Atlanta (MID) 3 |
|
Game Over ... Atlanta (MID) defeats Great Lakes, 3 to 2
|
|
|